 Dungeon Crawl Stone Soup version 0.31.0-9-g3a7656b989 (webtiles) character file.

Game seed: 4004230432597703911

78 James the Cruncher (level 4, 0/34 HPs)
             Began as a Gnoll Wanderer on Jan 29, 2024.
             Succumbed to a kobold's poison
             ... on level 3 of the Dungeon.
             The game lasted 00:06:45 (2423 turns).

James the Cruncher (Gnoll Wanderer)                 Turns: 2423, Time: 00:06:46

Health: 0/34       AC: 11    Str: 13 (14) XL:     4   Next: 36%
Magic:  5/5        EV:  9    Int: 10 (11) God:
Gold:   87         SH:  0    Dex: 12 (15) Spells: 5/5 levels left

rFire   . . .        a - +2 quarterstaff
rCold   . . .        (shield currently unavailable)
rNeg    + + +        n - +5 scale mail of the Invisible Hand {rN+++ Will- Str+4}
rPois   .            (no helmet)
rElec   .            (no cloak)
rCorr   .            (no gloves)
SInv    .            (no boots)
Will    .....        (no amulet) Stlth
                     o - ring of positive energy
HPRegen 0.25/turn    (no ring)
MPRegen 0.09/turn

%: no passive effects
@: confused, lethally poisoned (0 -> -1), enlightened, flying, invisible
A: fangs 1, strong nose, distributed training
a: no special abilities


You were on level 3 of the Dungeon.
You visited 1 branch of the dungeon, and saw 3 of its levels.

You collected 87 gold pieces.

Inventory:

Hand Weapons
 a - a +2 quarterstaff (weapon)
 d - a +0 dagger
 q - a +0 spear
   (You took it off a gnoll on level 1 of the Dungeon)
Missiles
 c - 8 boomerangs (quivered)
 h - 18 stones
 k - 12 poisoned darts
Armour
 f - a +0 robe
 n - the +5 scale mail of the Invisible Hand (worn) {rN+++ Will- Str+4}
   (You found it on level 2 of the Dungeon)

   Str+4:     It affects your strength (+4).
   rN+++:     It renders you almost immune to negative energy.
   Will-:     It decreases your willpower.
 p - a +0 plate armour
   (You found it on level 2 of the Dungeon)
 t - a +0 scale mail
   (You took it off an orc on level 3 of the Dungeon)
 u - a +0 ring mail
   (You took it off an orc on level 3 of the Dungeon)
 v - a +2 ring mail of willpower
   (You took it off an orc on level 3 of the Dungeon)
 x - a +0 ring mail
   (You found it on level 3 of the Dungeon)
Magical Staves
 y - a staff of air
   (You found it on level 3 of the Dungeon)
Jewellery
 g - an amulet of faith {!P}
   (You found it on level 1 of the Dungeon)
 o - a ring of positive energy (left hand)
   (You found it on level 2 of the Dungeon)
Scrolls
 b - 2 scrolls of teleportation {@r4}
 e - 2 scrolls of fear
 j - 2 scrolls of poison {unknown}
 w - a scroll of identify {unknown}
Potions
 l - a potion of enlightenment
 r - a potion of haste {unknown}
 s - a potion of heal wounds {unknown}
 z - a potion of lignification {unknown}


   Skills:
 + Level 2.8 Fighting
 + Level 1.2 Short Blades
 + Level 1.2 Long Blades
 + Level 1.2 Axes
 + Level 1.2 Maces & Flails
 + Level 1.2 Polearms
 + Level 10.5 Staves
 + Level 1.2 Ranged Weapons
 + Level 4.6 Throwing
 + Level 1.2 Armour
 + Level 2.8 Dodging
 + Level 1.2 Stealth
 + Level 1.2 Shields
 + Level 1.2 Unarmed Combat
 + Level 1.2 Spellcasting
 + Level 1.0 Conjurations
 + Level 1.0 Hexes
 + Level 1.0 Summonings
 + Level 1.0 Necromancy
 + Level 1.0 Translocations
 + Level 1.0 Fire Magic
 + Level 1.0 Ice Magic
 + Level 1.0 Air Magic
 + Level 1.0 Earth Magic
 + Level 1.0 Alchemy
 + Level 1.3 Invocations
 + Level 2.8 Evocations
 + Level 1.1 Shapeshifting


You had 5 spell levels left.
You didn't know any spells.
Your spell library was empty.

Dungeon Overview and Level Annotations

Branches:
Dungeon (3/15)

Altars:
Fedhas
Qazlal
Uskayaw

Shops:
D:3 ?(*


Innate Abilities, Weirdness & Mutations

You have very sharp teeth.
Your uncanny sense of smell can sniff out nearby items.
Your experience applies equally to all skills.


Message History

Your Alchemy skill increases to level 1!
Unknown command.
Unknown command.
Unknown command.
Unknown command.
Unknown command.
Unknown command.
Unknown command.
Unknown command.
Things that are here:
a +0 hand axe; an orc corpse You open the door.
Found Haozem's Magic Scroll Shop.
The orc wizard shouts!
There is an open door here.
An orc wizard is nearby!
A kobold comes into view.
It is wielding a +0 club and quivering poisoned darts.
The kobold shouts!
The kobold throws a poisoned dart.
The poisoned dart hits you!
You are poisoned.
You feel very sick. The orc wizard casts a spell at you.
You are confused.
You feel sick.
A bat comes into view.
The orc wizard gestures at you while chanting.
You are more confused.
You closely miss the orc wizard. You bite the orc wizard.
You feel sick.
The orc wizard gestures at you while chanting.
The puff of flame hits you!
* * * LOW HITPOINT WARNING * * *
You bump into the rock wall.
You feel sick.
The orc wizard hits you with a +0 dagger.
* * * LOW HITPOINT WARNING * * *
It was a potion of enlightenment.
You feel very buoyant.
You fly up into the air.
You feel sick. The kobold hits you but does no damage.
The orc wizard hits you with a +0 dagger.
* * * LOW HITPOINT WARNING * * *
It was a potion of degeneration.
There was something very wrong with that liquid.
You feel weakened.
You feel dopey.
You feel clumsy.
You feel sick. The kobold barely misses you. The orc wizard closely misses you.
It was a potion of invisibility.
You fade into invisibility!
You feel sick. The kobold closely misses you.
The orc wizard hits you with a +0 dagger.
* * * LOW HITPOINT WARNING * * *
You bump into the rock wall.
You die...

.# #.####.#####...# ..
#......# ##.#.# ..#
######## #..#.# ...##
#..#.# ..... #####
#..#.. ...... #...#
##..### ...∩..# #...#
###....).
#....K###...###...#####
#...bo@.'...##..###....
#....####...##.## #.###
#.... #...##.# #.# #.##
#.####.# #.# # #......#
#.# ##..>.## #.#
#....## #.# #..##.....#
#.# ##..##.....# #.###


You could see an orc wizard (unable to see you), a bat and a kobold (unable to
see you).

Vanquished Creatures
  A gnoll (D:1)
  A ribbon worm (D:3)
  2 dart slugs
  8 orcs (D:3)
  4 endoplasms
  2 giant cockroaches
  5 goblins
  2 hobgoblins (D:2)
  6 jackals (D:1)
  2 quokkas (D:1)
  2 ball pythons
  3 bats
  2 frilled lizards
  6 kobolds
  4 rats
50 creatures vanquished.

Notes
Turn   | Place    | Note
-------+----------+-------------------------------------------
     0 | D:1      | Reached skill level 10 in Staves
     0 | D:1      | James the Gnoll Wanderer began the quest for the Orb.
     0 | D:1      | James set off with the following items: a +2 quarterstaff,
                  | a scroll of teleportation {@r4}, 8 boomerangs, a +0 dagger,
                  | a scroll of fear, a +0 robe.
     0 | D:1      | Reached XP level 1. HP: 17/17 MP: 1/1
    32 | D:1      | Reached XP level 2. HP: 16/23 MP: 2/2
   638 | D:1      | Reached XP level 3. HP: 26/28 MP: 3/3
   958 | D:2      | Found a stormy altar of Qazlal.
  1000 | D:2      | Identified the +5 scale mail of the Invisible Hand {rN+++
                  | Will- Str+4}
  1123 | D:2      | Reached skill level 1 in Invocations
  1580 | D:1      | Reached skill level 1 in Short Blades
  1580 | D:1      | Reached skill level 1 in Long Blades
  1580 | D:1      | Reached skill level 1 in Axes
  1580 | D:1      | Reached skill level 1 in Maces & Flails
  1580 | D:1      | Reached skill level 1 in Polearms
  1580 | D:1      | Reached skill level 1 in Ranged Weapons
  1580 | D:1      | Reached skill level 1 in Armour
  1580 | D:1      | Reached skill level 1 in Stealth
  1580 | D:1      | Reached skill level 1 in Shields
  1580 | D:1      | Reached skill level 1 in Unarmed Combat
  1580 | D:1      | Reached skill level 1 in Spellcasting
  1699 | D:3      | Found Xigyottiycw's Weapon Shop.
  1721 | D:3      | Found a blossoming altar of Fedhas.
  1814 | D:3      | Reached skill level 1 in Shapeshifting
  1814 | D:3      | Reached XP level 4. HP: 34/34 MP: 5/5
  1987 | D:3      | Found Wuppo's General Store.
  2141 | D:3      | Found a hide-covered altar of Uskayaw.
  2329 | D:3      | Reached skill level 1 in Conjurations
  2329 | D:3      | Reached skill level 1 in Hexes
  2329 | D:3      | Reached skill level 1 in Summonings
  2329 | D:3      | Reached skill level 1 in Necromancy
  2329 | D:3      | Reached skill level 1 in Translocations
  2329 | D:3      | Reached skill level 1 in Fire Magic
  2329 | D:3      | Reached skill level 1 in Ice Magic
  2329 | D:3      | Reached skill level 1 in Air Magic
  2329 | D:3      | Reached skill level 1 in Earth Magic
  2329 | D:3      | Reached skill level 1 in Alchemy
  2411 | D:3      | Found Haozem's Magic Scroll Shop.
  2422 | D:3      | HP: 1/34 [orc wizard/+0 dagger (2)]
  2423 | D:3      | Succumbed to a kobold's poison

Illustrated notes

Levels and vault maps discovered:
D:1:      amcnicky_arrival_single_pillar, layout_basic
D:2:      layout_rooms, basic_altar, minmay_misc_feat_diagonals,
          minmay_worlds_worst_comb
D:3:      layout_basic, gammafunk_temple_overflow_pools, general_overflow_altar,
          mainiacjoe_overflow_cross_hatched, serial_shops, shop, shop, shop,
          minmay_curled_crystal

Skill      XL: |  1  2  3  4 |
---------------+-------------+-----
Staves         | | 10.5
Invocations    | 1 |  1.3
Short Blades   | 1 |  1.2
Long Blades    | 1 |  1.2
Axes           | 1 |  1.2
Maces & Flails | 1 |  1.2
Polearms       | 1 |  1.2
Ranged Weapons | 1 |  1.2
Armour         | 1 |  1.2
Stealth        | 1 |  1.2
Shields        | 1 |  1.2
Unarmed Combat | 1 |  1.2
Spellcasting   | 1 |  1.2
Shapeshifting  | 1 |  1.1
Conjurations   | 1 |  1.0
Hexes          | 1 |  1.0
Summonings     | 1 |  1.0
Necromancy     | 1 |  1.0
Translocations | 1 |  1.0
Fire Magic     | 1 |  1.0
Ice Magic      | 1 |  1.0
Air Magic      | 1 |  1.0
Earth Magic    | 1 |  1.0
Alchemy        | 1 |  1.0
Fighting       | |  2.8
Throwing       | |  4.6
Dodging        | |  2.8
Evocations     | |  2.8

Action                     |  1- 3 |  4- 6 || total
---------------------------+-------+-------++-------
  Melee: Quarterstaff      |   108 |    22 ||   130
         Bite              |     5 |     4 ||     9
    Use: Potion            |       |     3 ||     3
   Stab: Sleeping          |     1 |       ||     1
 Armour: Robe              |    22 |       ||    22
         Scale mail        |    22 |    14 ||    36
  Dodge: Dodged            |    44 |    10 ||    54
